 Dungeon Crawl Stone Soup version 0.30.1-11-g7821555f0a (webtiles) character file.

Game seed: 16259065036814971974

23709 jfcaron the Party-goer (level 13, -1/98 HPs)
             Began as a Gnoll Conjurer on Nov 11, 2023.
             Was a High Priest of Uskayaw.
             Killed by divine providence
             ... invoked by a smoke demon
             ... summoned by an orc high priest
              (15 damage)
             ... on level 2 of the Orcish Mines.
             The game lasted 00:51:39 (14197 turns).

jfcaron the Party-goer (Gnoll Conjurer)            Turns: 14197, Time: 00:51:40

Health: -1/98      AC: 27    Str:  9    XL:     13   Next: 8%
Magic:  9/26       EV: 14    Int: 24    God:    Uskayaw [*****.]
Gold:   325        SH:  6    Dex: 16    Spells: 20/31 levels left

rFire   + . .        v - +7 Throatcutter {drain, coup de grace}
rCold   . . .        o - +0 buckler
rNeg    . . .        l - +1 ring mail {rF+}
rPois   .            B - +2 helmet {Int+3}
rElec   .            r - +0 cloak
rCorr   .            a - +1 pair of gloves of Suischu {Slay+6}
SInv    .            x - +2 pair of boots
Will    .....        (no amulet)
Stlth   ++++         A - +6 ring of dexterity
HPRegen 0.36/turn    I - +4 ring of protection
MPRegen 0.20/turn

%: no passive effects
@: ice-armoured, wereblooded, studying Invocations
A: fangs 1, strong nose, distributed training
a: Renounce Religion, Stomp, Line Pass, Grand Finale


You were on level 2 of the Orcish Mines.
You worshipped Uskayaw.
Uskayaw was aware of your devotion.
You visited 3 branches of the dungeon, and saw 14 of its levels.

You collected 1359 gold pieces.
You spent 1034 gold pieces at shops.

Inventory:

Hand Weapons
 v - the +7 Throatcutter (weapon) {drain, coup de grace}
   (You found it on level 3 of the Dungeon)
 D - a +1 scimitar of holy wrath
   (You took it off Blork the orc on level 5 of the Dungeon)
 L - a +1 scimitar of flaming
   (You took it off Erica on level 10 of the Dungeon)
Missiles
 c - 102 stones
 d - 2 atropa-tipped darts {!f}
 i - 38 poisoned darts
 s - 13 boomerangs
 E - 7 curare-tipped darts {!f}
 G - 6 javelins
Armour
 a - the +1 pair of gloves of Suischu (worn) {Slay+6}
   (You acquired it on level 4 of the Dungeon)

   Slay:      It affects your accuracy & damage with ranged weapons and melee
   (+6).
 l - a +1 ring mail of fire resistance (worn)
   (You found it on level 5 of the Dungeon)
 o - a +0 buckler (worn)
 r - a +0 cloak (worn)
 x - a +2 pair of boots (worn)
 B - a +2 helmet of intelligence (worn)
   (You found it on level 4 of the Dungeon)
 U - +0 acid dragon scales
Jewellery
 m - a +6 ring of strength
   (You took it off a kobold brigand on level 8 of the Dungeon)
 A - a +6 ring of dexterity (left hand)
   (You found it on level 4 of the Dungeon)
 I - a +4 ring of protection (right hand)
   (You found it on level 6 of the Dungeon)
 V - a ring of ice
   (You took it off Fannar on level 11 of the Dungeon)
Wands
 t - a wand of charming (6)
 K - a wand of flame (6)
 M - a wand of light (2)
Scrolls
 b - a scroll of poison
 p - a scroll of fear
 w - 4 scrolls of amnesia
 y - 2 scrolls of enchant armour
 N - 2 scrolls of immolation
 P - a scroll of enchant weapon
 R - a scroll of silence {unknown}
 S - 2 scrolls of vulnerability
 T - a scroll of torment {unknown}
Potions
 e - 4 potions of mutation
 f - a potion of curing
 g - a potion of cancellation
 h - a potion of degeneration {unknown}
 j - a potion of resistance {unknown}
 n - 2 potions of magic
 q - 3 potions of lignification
 u - 2 potions of berserk rage {unknown}
 z - 3 potions of brilliance {unknown}
 C - 2 potions of haste
 F - a potion of might {unknown}
 H - 4 potions of attraction
 J - a potion of ambrosia {unknown}
Miscellaneous
 Q - a box of beasts (inert)
   (You found it on level 9 of the Dungeon)


   Skills:
 + Level 8.2 Fighting
 + Level 8.2 Short Blades
 + Level 8.2 Long Blades
 + Level 8.2 Axes
 + Level 8.2 Maces & Flails
 + Level 8.2 Polearms
 + Level 8.2 Staves
 + Level 8.2 Ranged Weapons
 + Level 8.2 Throwing
 + Level 8.2 Armour
 + Level 9.5 Dodging
 + Level 9.3 Stealth
 + Level 8.2 Shields
 + Level 8.2 Unarmed Combat
 + Level 9.7 Spellcasting
 + Level 9.9 Conjurations
 + Level 6.8 Hexes
 + Level 6.8 Summonings
 + Level 6.8 Necromancy
 + Level 6.8 Translocations
 + Level 6.8 Transmutations
 + Level 6.8 Fire Magic
 + Level 6.8 Ice Magic
 + Level 6.8 Air Magic
 + Level 6.8 Earth Magic
 + Level 6.8 Poison Magic
 + Level 10.4 Invocations
 + Level 8.2 Evocations


You had 20 spell levels left.
You knew the following spells:

 Your Spells              Type           Power      Damage    Failure   Level
a - Magic Dart            Conj           100%       1d8       1%          1
b - Searing Ray           Conj           100%       2d8       1%          2
c - Dazzling Flash        Conj/Hex       100%       N/A       1%          3
d - Wereblood             Tmut           44%        N/A       1%          2
e - Ozocubu's Armour      Ice            44%        N/A       3%          3

Your spell library contained the following spells:

 Spells                   Type           Power      Damage    Failure   Level
 Beastly Appendage        Tmut           88%        N/A       1%          1
 Necrotise                Necr           100%       1d9       1%          1
 Ensorcelled Hibernation  Hex/Ice        88%        N/A       1%          2
 Static Discharge         Conj/Air       100%       2-7/arc   1%          2
 Hailstorm                Conj/Ice       51%        3d11      1%          3
 Spider Form              Tmut/Pois      44%        N/A       3%          3
 Vampiric Draining        Necr           44%        2d9       3%          3
 Fulminant Prism          Conj/Hex       25%        3d14      5%          4
 Iskenderun's Mystic Bla  Conj/Tloc      51%        2d11      5%          4
 Airstrike                Air            22%        2d(4-20)  11%         4
 Anguish                  Hex/Necr       22%        N/A       11%         4
 Ice Form                 Ice/Tmut       44%        N/A       11%         4
 Summon Lightning Spire   Summ/Air       44%        N/A       11%         4
 Agony                    Necr           44%        N/A       28%         5
 Metabolic Englaciation   Hex/Ice        22%        N/A       28%         5
 Simulacrum               Ice/Necr       22%        N/A       85%         6


Dungeon Overview and Level Annotations

Branches:
Dungeon (11/15)            Temple (1/1) D:5            Lair (0/5) D:10
    Orc (2/2) D:11
    Elf: Orc:2

Altars:
Ashenzari
Cheibriados
Dithmenos
Elyvilon
Fedhas
Gozag
Hepliaklqana
Kikubaaqudgha
Makhleb
Nemelex Xobeh
Okawaru
Qazlal
Ru
Sif Muna
Trog
Uskayaw
Vehumet
Wu Jian
Xom
Yredelemnul
Zin
The Shining One

Shops:
D:5 :   D:7 :   Orc:1 *   Orc:2 [

Annotations:
D:10 come back with digging


Innate Abilities, Weirdness & Mutations

You have very sharp teeth.
Your uncanny sense of smell can sniff out nearby items.
Your experience applies equally to all skills.


Message History

The hellwing hits you but does no damage.
The hellwing misses you.
Okay, then.
Press: ? - help, v - describe, . - travel, g - get item
Here: a hellwing (summoned)
Items here: a +1 vampiric broad axe; a +0 chain mail.
An open door, spattered with blood.
Your icy armour will break if you move.
Continue? [Y]es or [N]o only, please.
Your icy armour will break if you move.
Continue? [Y]es or [N]o only, please.
Your icy armour will break if you move.
Continue?
Aiming: Grand Finale
Press: ? - help, Shift-Dir - straight line, f - orc sorcerer, p - orc high priest
Aim: an orc sorcerer, wielding a +0 dagger and wearing a +0 robe (moderately wounded, strong, sharing its pain)
You fail to use your ability.
The troll is no longer blind.
The orc sorcerer is no longer sharing its pain.
The orc warrior no longer looks unusually strong.
The hellwing hits you but does no damage.
The hellwing closely misses you.
Aiming: Bolt of Light
Press: ? - help, Shift-Dir - straight line, f/p - orc sorcerer
Aim: an orc sorcerer, wielding a +0 dagger and wearing a +0 robe (moderately wounded, strong, 67% to hit)
The bolt of light hits the orc sorcerer!
The orc sorcerer is heavily wounded.
The orc sorcerer is blinded.
The bolt of light hits the orc warrior but does no damage.
The orc warrior is lightly wounded.
The orc warrior is blinded.
The bolt of light hits the soul eater!!
The soul eater is moderately wounded.
The soul eater is no longer blind.
The orc sorcerer closely misses you.
The orc high priest calls upon Beogh to heal the orc knight.
The orc knight's wounds heal themselves!
The orc knight roars a battlecry!
The orc warrior goes into a battle-frenzy!
The hellwing hits you but does no damage.
You block the hellwing's attack. The smoke demon gestures at you.
Beogh smites you!
You die...

# ########## #. #.....#..##
#.. #....)....# #..
####.)##..# ##..o
#..)).#...#
#..34o###.))).#...#
+..)3oo@4..####.∩.#
#...4T###.....##### ##...
#.....# ##### #######..# #
##...###...####'# #.
##...........##..# #..
#.............##.#
##.##................####
###........####...........#


You could see an orc knight (strong), a soul eater (summoned), an orc high
priest (strong), a hellwing (summoned), a troll, a smoke demon (summoned), 2
chaos spawn, an orc sorcerer (strong, blind) and an orc warrior (wandering,
strong, blind).

Vanquished Creatures
  2 orc warlords
  Fannar (D:11)
  Erica (D:10)
  2 two-headed ogres
  An orc high priest (Orc:1)
  Lodul (D:10)
  Amaemon (D:10)
  Pikel (D:5)
  4 orc knights (Orc:2)
  A cyclops (D:11)
  Joseph (D:8)
  Maurice (D:11)
  An orange demon (D:10)
  2 gargoyles
  Psyche (D:11)
  2 kobold demonologists
  4 trolls
  5 saltlings (Orc:2)
  A hornet (D:9)
  2 shadows
  12 yaks
  2 wraiths
  Menkaure (D:7)
  9 wargs
  An acid dragon (D:11)
  A water moccasin (D:9)
  21 orc warriors
  5 sky beasts
  2 ice beasts (D:6)
  10 ogres
  9 centaurs
  2 lemures (D:5)
  2 phantoms
  7 kobold brigands
  Blork the orc (D:5)
  2 bullfrogs (D:7)
  A scorpion (D:6)
  2 gnoll sergeants
  11 wights
  5 killer bees (D:10)
  3 howler monkeys
  An electric eel (D:9)
  3 hounds
  2 jellies
  Crazy Yiuf (D:2)
  17 orc priests
  A sleepcap (D:7)
  4 iguanas
  18 orc wizards
  Robin (D:2)
  21 gnolls
  8 adders
  A shadow imp (D:5)
  2 white imps (D:7)
  An ufetubus (D:6)
  5 worms
  3 dart slugs
  68 orcs
  2 bats
  15 endoplasms
  7 giant cockroaches
  10 goblins
  8 hobgoblins
  8 jackals
  15 kobolds
  4 quokkas
  5 ball pythons
  5 frilled lizards
  8 rats
388 creatures vanquished.

Notes
Turn   | Place    | Note
-------+----------+-------------------------------------------
     0 | D:1      | jfcaron the Gnoll Conjurer began the quest for the Orb.
     0 | D:1      | Reached XP level 1. HP: 13/13 MP: 6/6
    74 | D:1      | Reached XP level 2. HP: 19/19 MP: 0/7
    77 | D:1      | Learned a level 2 spell: Searing Ray
    96 | D:1      | HP: 1/20 [hobgoblin (4)]
   553 | D:1      | Reached skill level 5 in Spellcasting
   553 | D:1      | Reached XP level 3. HP: 25/25 MP: 5/9
   753 | D:1      | Reached skill level 1 in Invocations
   930 | D:2      | Learned a level 3 spell: Dazzling Flash
  1002 | D:2      | Reached skill level 1 in Fighting
  1002 | D:2      | Reached skill level 1 in Short Blades
  1002 | D:2      | Reached skill level 1 in Long Blades
  1002 | D:2      | Reached skill level 1 in Axes
  1002 | D:2      | Reached skill level 1 in Maces & Flails
  1002 | D:2      | Reached skill level 1 in Polearms
  1002 | D:2      | Reached skill level 1 in Staves
  1002 | D:2      | Reached skill level 1 in Ranged Weapons
  1002 | D:2      | Reached skill level 1 in Throwing
  1002 | D:2      | Reached skill level 1 in Armour
  1002 | D:2      | Reached skill level 1 in Shields
  1002 | D:2      | Reached skill level 1 in Unarmed Combat
  1002 | D:2      | Reached skill level 1 in Evocations
  1017 | D:2      | Reached XP level 4. HP: 32/32 MP: 11/11
  1042 | D:2      | Found a faded altar of an unknown god.
  1076 | D:2      | jfcaron: ??Lugonu
  1076 | D:2      | beem: lugonu[1/4]: Lugonu grants the ability to leave the
                  | abyss, banish monsters to the abyss and invoke
                  | {corruption}. You can banish yourself instantly at a
                  | significant hp+mp cost, and permanently distortion-brand a
                  | weapon once. Lugonu provides limited protection from god
                  | wrath by banishing nearby enemies.
  1196 | D:2      | Noticed Robin
  1203 | D:2      | Reached skill level 1 in Hexes
  1203 | D:2      | Reached skill level 1 in Summonings
  1203 | D:2      | Reached skill level 1 in Necromancy
  1203 | D:2      | Reached skill level 1 in Translocations
  1203 | D:2      | Reached skill level 1 in Transmutations
  1203 | D:2      | Reached skill level 1 in Fire Magic
  1203 | D:2      | Reached skill level 1 in Ice Magic
  1203 | D:2      | Reached skill level 1 in Air Magic
  1203 | D:2      | Reached skill level 1 in Earth Magic
  1203 | D:2      | Reached skill level 1 in Poison Magic
  1203 | D:2      | Killed Robin
  1552 | D:2      | Reached XP level 5. HP: 37/37 MP: 6/12
  1918 | D:2      | Found a runed translucent door.
  1919 | D:2      | Noticed Crazy Yiuf
  1930 | D:2      | Killed Crazy Yiuf
  2117 | D:3      | Identified the +10 lajatang of Sin {venom, *Rage Str+3
                  | Int+3 Dex+2}
  2218 | D:3      | Found the +7 Throatcutter {drain, coup de grace}
  2218 | D:3      | Noticed a kobold brigand
  2218 | D:3      | Noticed a kobold brigand
  2218 | D:3      | Noticed a kobold brigand
  2226 | D:3      | Killed a kobold brigand
  2227 | D:3      | Reached skill level 2 in Invocations
  2227 | D:3      | Reached XP level 6. HP: 40/44 MP: 5/14
  2228 | D:3      | Reached skill level 5 in Dodging
  3044 | D:4      | Identified a scroll of acquirement
  3044 | D:4      | Acquired the +1 pair of gloves of Suischu {Slay+6}
  3208 | D:4      | Reached XP level 7. HP: 50/50 MP: 12/15
  3363 | D:4      | Learned a level 2 spell: Wereblood
  3367 | D:4      | Learned a level 3 spell: Ozocubu's Armour
  3533 | D:4      | Reached skill level 5 in Stealth
  3549 | D:4      | Reached skill level 3 in Invocations
  3997 | D:5      | Entered Level 5 of the Dungeon
  3998 | D:5      | Noticed Pikel
  4014 | D:5      | Killed Pikel
  4015 | D:5      | Reached XP level 8. HP: 53/58 MP: 9/17
  4052 | D:5      | Found a staircase to the Ecumenical Temple.
  4059 | Temple   | Entered the Ecumenical Temple
  4252 | Temple   | jfcaron: ??Usk
  4252 | Temple   | jfcaron: ??Uskaya
  4252 | Temple   | beem: uskayaw[1/6]: God of ecstatic dance. Piety raises
                  | very quickly as you deal damage and drops very quickly over
                  | time. *: Stomp for AOE damage. **: Teleport through a line
                  | of creatures, confusing them. ***: on reaching this piety
                  | level, briefly paralyze all enemies in LOS. ****: On
                  | reaching this piety level, monsters share damage. *****:
                  | Telefrag any monster in LOS.
  4252 | Temple   | beem: Uskaya ~ uskayaw[1/6]: God of ecstatic dance. Piety
                  | raises very quickly as you deal damage and drops very
                  | quickly over time. *: Stomp for AOE damage. **: Teleport
                  | through a line of creatures, confusing them. ***: on
                  | reaching this piety level, briefly paralyze all enemies in
                  | LOS. ****: On reaching this piety level, monsters share
                  | damage. *****: Telefrag any monster in LOS.
  4279 | Temple   | Became a worshipper of Uskayaw the Reveller
  4382 | D:5      | Reached * piety under Uskayaw
  4419 | D:5      | Found a shadowy altar of Dithmenos.
  4542 | D:5      | Noticed Blork the orc
  4554 | D:5      | Reached ** piety under Uskayaw
  4556 | D:5      | Killed Blork the orc
  4705 | D:5      | Reached *** piety under Uskayaw
  4808 | D:5      | Found Ret Laorag's Vocational Training.
  4886 | D:5      | Reached skill level 4 in Invocations
  5099 | D:5      | Found a sacrificial altar of Ru.
  5100 | D:5      | Found a snail-covered altar of Cheibriados.
  5102 | D:5      | Found a glowing silver altar of Zin.
  5102 | D:5      | Found an opulent altar of Gozag.
  5391 | D:6      | Reached XP level 9. HP: 65/65 MP: 10/18
  5972 | D:6      | Reached **** piety under Uskayaw
  6205 | D:6      | Found a radiant altar of Vehumet.
  6337 | D:6      | Reached skill level 5 in Invocations
  6906 | D:7      | Found Kepau's Book Emporium.
  7141 | D:7      | Noticed Menkaure
  7150 | D:7      | Killed Menkaure
  7569 | D:7      | Reached skill level 5 in Fighting
  7569 | D:7      | Reached skill level 5 in Short Blades
  7569 | D:7      | Reached skill level 5 in Long Blades
  7569 | D:7      | Reached skill level 5 in Axes
  7569 | D:7      | Reached skill level 5 in Maces & Flails
  7569 | D:7      | Reached skill level 5 in Polearms
  7569 | D:7      | Reached skill level 5 in Staves
  7569 | D:7      | Reached skill level 5 in Ranged Weapons
  7569 | D:7      | Reached skill level 5 in Throwing
  7569 | D:7      | Reached skill level 5 in Armour
  7569 | D:7      | Reached skill level 5 in Shields
  7569 | D:7      | Reached skill level 5 in Unarmed Combat
  7569 | D:7      | Reached skill level 5 in Evocations
  7569 | D:7      | Reached XP level 10. HP: 73/74 MP: 9/20
  7975 | D:8      | Reached ***** piety under Uskayaw
  7981 | D:8      | Reached ****** piety under Uskayaw
  7982 | D:8      | Noticed Joseph
  7991 | D:8      | Killed Joseph
  8292 | D:8      | Reached skill level 6 in Invocations
  9258 | D:9      | Noticed a kobold demonologist
  9270 | D:9      | Killed a kobold demonologist
  9286 | D:9      | Reached skill level 5 in Hexes
  9286 | D:9      | Reached skill level 5 in Summonings
  9286 | D:9      | Reached skill level 5 in Necromancy
  9286 | D:9      | Reached skill level 5 in Translocations
  9286 | D:9      | Reached skill level 5 in Transmutations
  9286 | D:9      | Reached skill level 5 in Fire Magic
  9286 | D:9      | Reached skill level 5 in Ice Magic
  9286 | D:9      | Reached skill level 5 in Air Magic
  9286 | D:9      | Reached skill level 5 in Earth Magic
  9286 | D:9      | Reached skill level 5 in Poison Magic
  9438 | D:9      | Reached XP level 11. HP: 76/81 MP: 17/22
  9813 | D:9      | jfcaron: ??invo
  9813 | D:9      | beem: invocations[1/3]: Used by TSO, Beogh, Cheibriados,
                  | Dithmenos, Elyvilon, Fedhas, Hepliaklqana, Lugonu, Makhleb,
                  | Nemelex Xobeh, Okawaru, Qazlal, Sif Muna, Uskayaw,
                  | Yredelemnul, Zin. Not used by Ashenzari, Gozag, Ignis,
                  | Jiyva, Kikubaaqudgha, Ru, Trog, Vehumet, Wu Jian, Xom.
  9934 | D:10     | Entered Level 10 of the Dungeon
  9951 | D:10     | Noticed Lodul
  9977 | D:10     | Killed Lodul
 10142 | D:10     | Noticed Erica
 10150 | D:10     | Killed Erica
 10151 | D:10     | Reached skill level 7 in Invocations
 10587 | D:5      | Bought a manual of Invocations for 800 gold pieces
 10857 | D:10     | Found a staircase to the Lair.
 10922 | D:10     | Noticed Amaemon
 10940 | D:10     | Killed Amaemon
 11017 | D:11     | Noticed a two-headed ogre
 11017 | D:11     | Found a staircase to the Orcish Mines.
 11025 | D:11     | Killed a two-headed ogre
 11117 | D:11     | Noticed a cyclops
 11127 | D:11     | Killed a cyclops
 11128 | D:11     | Reached skill level 8 in Invocations
 11457 | D:11     | Noticed Psyche
 11466 | D:11     | Killed Psyche
 11471 | D:11     | Noticed Fannar
 11502 | D:11     | Reached XP level 12. HP: 66/91 MP: 15/24
 11502 | D:11     | Killed Fannar
 11617 | D:11     | Noticed Maurice
 11629 | D:11     | Killed Maurice
 12302 | Orc:1    | Entered Level 1 of the Orcish Mines
 12438 | Orc:1    | You fall into a shaft and drop 1 floor!
 12438 | Orc:2    | Entered Level 2 of the Orcish Mines
 12461 | Orc:2    | Reached skill level 9 in Invocations
 12793 | Orc:1    | Noticed an orc warlord
 12805 | Orc:1    | Killed an orc warlord
 12836 | Orc:1    | Found Curchum's Assorted Antiques.
 13004 | Orc:1    | Noticed an orc high priest
 13012 | Orc:1    | Killed an orc high priest
 13248 | Orc:1    | Bought a potion of curing for 54 gold pieces
 13248 | Orc:1    | Bought a potion of haste for 180 gold pieces
 13989 | Orc:2    | Noticed a two-headed ogre
 13991 | Orc:2    | Noticed an orc warlord
 13999 | Orc:2    | Killed a two-headed ogre
 14000 | Orc:2    | Reached skill level 10 in Invocations
 14000 | Orc:2    | Killed an orc warlord
 14003 | Orc:2    | Reached XP level 13. HP: 64/98 MP: 9/26
 14107 | Orc:2    | Found Kutzup's Antique Armour Boutique.
 14192 | Orc:2    | HP: 19/98 [smoke demon/divine providence[an orc high
                  | priest] (9)]
 14194 | Orc:2    | HP: 8/98 [orc high priest/divine providence (15)]
 14197 | Orc:2    | Killed from afar by a smoke demon

Illustrated notes

Levels and vault maps discovered:
D:1:      wander_arrival_estate, layout_rooms, minmay_stone_trees_medium
D:2:      layout_loops_ring, hellmonk_ecumenical_altar_pennies_from_heaven,
          uniq_robin, uniq_crazy_yiuf_cottage
D:3:      minmay_angry_zag, layout_loops_ring, dilly_guarded_unrand_throatcut
D:4:      layout_basic, nicolae_kite_square_tiling_tiny
D:5:      layout_loops_ring, grunt_dithmenos_smoke,
          mainiacjoe_overflow_alcove_3, minmay_temple_entry_nine_rooms,
          nicolae_shop_vocational, uniq_blork_the_orc, uniq_pikel
D:6:      layout_loops_ring, mainiacjoe_overflow_brackets, minivault_25,
          centaur_isle
D:7:      layout_basic, serial_shops, kennysheep_mini, uniq_menkaure
D:8:      layout_rooms, minmay_liquid_box, uniq_joseph
D:9:      layout_loops_ring, serial_bayou_pond_b
D:10:     layout_rooms, dpeg_oklobed_lair, due_unseen_surprise, uniq_lodul,
          uniq_amaemon, uniq_erica
D:11:     layout_rooms, minmay_orc_entry_temple_small, minmay_door_square,
          uniq_maurice, uniq_fannar, uniq_psyche
Temple:   eino_temple_scatter_basement
Orc:1:    layout_diamond_mine, serial_shops, nicolae_shop_hallway_plus
Orc:2:    hellmonk_orc_salted, layout_diamond_mine, lemuel_statue_altar

Skill      XL: |  1  2  3  4  5  6  7  8  9 10 11 12 |
---------------+-------------------------------------+-----
Spellcasting   | 5 6 7 8 9 |  9.7
Invocations    | 1 2 3 4 5 6 8 10 | 10.4
Fighting       | 1 2 3 5 6 7 8 |  8.2
Short Blades   | 1 2 3 5 6 7 8 |  8.2
Long Blades    | 1 2 3 5 6 7 8 |  8.2
Axes           | 1 2 3 5 6 7 8 |  8.2
Maces & Flails | 1 2 3 5 6 7 8 |  8.2
Polearms       | 1 2 3 5 6 7 8 |  8.2
Staves         | 1 2 3 5 6 7 8 |  8.2
Ranged Weapons | 1 2 3 5 6 7 8 |  8.2
Throwing       | 1 2 3 5 6 7 8 |  8.2
Armour         | 1 2 3 5 6 7 8 |  8.2
Shields        | 1 2 3 5 6 7 8 |  8.2
Unarmed Combat | 1 2 3 5 6 7 8 |  8.2
Evocations     | 1 2 3 5 6 7 8 |  8.2
Hexes          | 1 2 3 4 5 6 |  6.8
Summonings     | 1 2 3 4 5 6 |  6.8
Necromancy     | 1 2 3 4 5 6 |  6.8
Translocations | 1 2 3 4 5 6 |  6.8
Transmutations | 1 2 3 4 5 6 |  6.8
Fire Magic     | 1 2 3 4 5 6 |  6.8
Ice Magic      | 1 2 3 4 5 6 |  6.8
Air Magic      | 1 2 3 4 5 6 |  6.8
Earth Magic    | 1 2 3 4 5 6 |  6.8
Poison Magic   | 1 2 3 4 5 6 |  6.8
Dodging        | 5 6 7 8 9 |  9.5
Stealth        | 5 6 7 8 9 |  9.3
Conjurations   | 8 9 |  9.9

Action                     |  1- 3 |  4- 6 |  7- 9 | 10-12 | 13-15 || total
---------------------------+-------+-------+-------+-------+-------++-------
  Melee: Unarmed           |     5 |       |       |       |       ||     5
         Dagger            |     3 |     1 |       |       |       ||     4
         Bite              |     1 |       |     9 |    25 |     1 ||    36
         Punch             |       |     1 |     1 |       |       ||     2
         Long sword        |       |     2 |    76 |   206 |    19 ||   303
  Throw: Dart              |     8 |     8 |    17 |    35 |       ||    68
         Boomerang         |       |       |     2 |     4 |       ||     6
         Javelin           |       |       |       |     3 |       ||     3
   Cast: Magic Dart        |    54 |    74 |   158 |   147 |       ||   433
         Searing Ray       |       |    11 |    20 |    36 |     2 ||    69
         Ozocubu's Armour  |       |       |     8 |    18 |     1 ||    27
         Dazzling Flash    |       |       |     4 |     5 |     3 ||    12
         Wereblood         |       |       |     3 |    11 |     1 ||    15
 Invoke: Stomp             |       |       |     2 |    19 |     2 ||    23
         Line Pass         |       |       |       |     3 |       ||     3
         Grand Finale      |       |       |       |     1 |       ||     1
  Evoke: Wand              |       |       |     6 |    10 |     2 ||    18
         Box of beasts     |       |       |       |     2 |       ||     2
    Use: Potion            |     1 |       |       |       |     1 ||     2
         Scroll            |       |     5 |     9 |     5 |       ||    19
   Stab: Invisible         |     1 |       |     3 |     1 |       ||     5
         Paralysed         |       |       |     2 |    18 |     3 ||    23
         Sleeping          |       |       |     1 |     2 |       ||     3
         Distracted        |       |       |       |     1 |       ||     1
         Confused          |       |       |       |     1 |       ||     1
 Armour: Animal skin       |       |     1 |    12 |       |       ||    13
         Robe              |       |     1 |       |       |       ||     1
         Ring mail         |       |       |    48 |   124 |    11 ||   183
  Dodge: Dodged            |    12 |     6 |    79 |   167 |    14 ||   278
  Block: Buckler           |       |       |    21 |    84 |     4 ||   109

Table legend: (Time is in decaauts)
 A = Elapsed time spent in this place.
 B = Non-inter-level travel time spent in this place.
 C = Inter-level travel time spent in this place.
 D = Time resting spent in this place.
 E = Time spent auto-exploring this place.
 F = Levels seen in this place.
 G = Mean time per level.
                   A        B        C        D        E       F      G
               +--------+--------+--------+--------+--------+-----+--------+
         Total |  14246 |  13447 |    799 |   3045 |   8011 |  14 | 1017.6 |
       Dungeon |  12108 |  11468 |    640 |   2400 |   7065 |  11 | 1100.7 |
        Temple |    237 |    220 |     17 |      0 |    177 |   1 |  237.0 |
  Orcish Mines |   1900 |   1758 |    142 |    645 |    769 |   2 |  950.0 |
               +--------+--------+--------+--------+--------+-----+--------+

Top non-repeatable levels by time:
     D:6: 1523 daAuts
     D:7: 1399 daAuts
    D:11: 1284 daAuts
     D:9: 1168 daAuts
   Orc:2: 1142 daAuts
     D:2: 1065 daAuts
     D:3: 1034 daAuts
     D:5: 967 daAuts
     D:4: 959 daAuts
     D:8: 942 daAuts
     D:1: 939 daAuts
    D:10: 823 daAuts
   Orc:1: 758 daAuts
  Temple: 237 daAuts

Table legend:
 A = Kills in this place as a percentage of kills in the entire game.
 B = Kills by you in this place as a percentage of kills by you in the entire game.
 C = Kills by friends in this place as a percentage of kills by friends in the entire game.
 D = Other kills in this place as a percentage of other kills in the entire game.
 E = Experience gained in this place as a percentage of experience gained in the entire game.
 F = Experience gained in this place divided by the number of levels of this place that you have seen.
                   A       B       C       D       E      F
               +-------+-------+-------+-------+-------+----------------------
         Total | 100.0 | 100.0 | 100.0 | 100.0 | 100.0 | 2419.4
       Dungeon |  82.7 |  83.1 |  57.1 | 100.0 |  64.2 | 1975.8
  Orcish Mines |  17.3 |  16.9 |  42.9 |   0.0 |  35.8 | 6068.5
               +-------+-------+-------+-------+-------+----------------------

Levels and vault maps discovered:
D:1:      wander_arrival_estate, layout_rooms, minmay_stone_trees_medium
D:2:      layout_loops_ring, hellmonk_ecumenical_altar_pennies_from_heaven,
          uniq_robin, uniq_crazy_yiuf_cottage
D:3:      minmay_angry_zag, layout_loops_ring, dilly_guarded_unrand_throatcut
D:4:      layout_basic, nicolae_kite_square_tiling_tiny
D:5:      layout_loops_ring, grunt_dithmenos_smoke,
          mainiacjoe_overflow_alcove_3, minmay_temple_entry_nine_rooms,
          nicolae_shop_vocational, uniq_blork_the_orc, uniq_pikel
D:6:      layout_loops_ring, mainiacjoe_overflow_brackets, minivault_25,
          centaur_isle
D:7:      layout_basic, serial_shops, kennysheep_mini, uniq_menkaure
D:8:      layout_rooms, minmay_liquid_box, uniq_joseph
D:9:      layout_loops_ring, serial_bayou_pond_b
D:10:     layout_rooms, dpeg_oklobed_lair, due_unseen_surprise, uniq_lodul,
          uniq_amaemon, uniq_erica
D:11:     layout_rooms, minmay_orc_entry_temple_small, minmay_door_square,
          uniq_maurice, uniq_fannar, uniq_psyche
Temple:   eino_temple_scatter_basement
Orc:1:    layout_diamond_mine, serial_shops, nicolae_shop_hallway_plus
Orc:2:    hellmonk_orc_salted, layout_diamond_mine, lemuel_statue_altar
